AoeStats
← 739697286

Black Forest

509883583Analyzed
4v4 RM · 5d ago on Sep 28, 2026· 55m 37s· 8 players
Game mode
Random Map
Map size
Large (8 player)
Population
200
Speed
Normal
Resources
Standard
Victory
Conquest
Starting age
Dark Age
Ending age
Imperial Age
RankedLock teamsTeams togetherTeam positionsShared explorationLock speedFull tech treeHidden civsTurbo modeCheats
Victory
Defeat
🇩🇪 Mongols · Germany
1461
+16
🇨🇦 Persians · Canada
1446
+16
🇺🇸 Italians · United States
1427
+17
🇬🇧 Teutons · United Kingdom
1413
+19
🇨🇳 Ethiopians · China
1475
-18
🇹🇼 Saxons · Taiwan
1464
-17
🇨🇳 Mongols · China
1451
-17
🇨🇳 Malay · China
1426
-16
Mr.stealyoBoar
11:20 Feudal Age
15:13 Castle Age
14:29 Horse Collar
15:19 Scale Barding Armor
18:20 Double-Bit Axe
23:14 Bow Saw
23:44 Wheelbarrow
22:54 Loom
26:42 Forging
26:53 Chain Barding Armor
26:37 Husbandry
29:19 Bloodlines
29:06 Gold Mining
32:13 Imperial Age
29:59 Hand Cart
30:43 Iron Casting
30:01 Fletching
30:53 Gold Shaft Mining
30:08 Stone Mining
32:02 Cavalier
34:08 Blast Furnace
34:11 Savar
35:33 Plate Barding Armor
35:05 Bodkin Arrow
35:39 Caravan
36:05 Light Cavalry
40:33 Hussar
Vedette87
1:39 Loom
11:49 Feudal Age
13:24 Wheelbarrow
13:07 Double-Bit Axe
16:18 Horse Collar
19:29 Town Watch
23:03 Castle Age
21:23 Stone Mining
21:39 Gold Mining
22:52 Town Watch
24:55 Hand Cart
27:54 Stone Shaft Mining
34:17 Imperial Age
33:25 Heavy Plow
33:33 Padded Archer Armor
34:08 Fletching
35:00 Bodkin Arrow
35:31 Ballistics
35:04 Elite Genoese Crossbowman
36:55 Chemistry
36:27 Conscription
36:38 Guilds
36:34 Bracer
36:51 Leather Archer Armor
36:47 Thumb Ring
37:43 Bow Saw
37:50 Treadmill Crane
38:59 Ring Archer Armor
46:16 Masonry
46:43 Hoardings
49:36 Fortified Wall
49:57 Architecture
51:10 Capped Ram
52:18 Murder Holes
52:34 Guard Tower
52:29 Arrowslits
53:26 Onager
55:34 Keep
milopokerboy
0:38 Loom
11:40 Feudal Age
12:36 Town Watch
15:13 Double-Bit Axe
19:14 Double-Bit Axe
19:19 Horse Collar
21:45 Castle Age
19:58 Gold Mining
21:06 Forging
23:03 Bow Saw
25:19 Wheelbarrow
24:55 Town Patrol
30:05 Imperial Age
29:18 Hand Cart
31:41 Block Printing
32:57 Chemistry
33:00 Fervor
33:12 Sanctity
33:02 Fletching
33:36 Crenellations
34:09 Bodkin Arrow
35:50 Atonement
36:03 Redemption
36:29 Forging
36:19 Scale Mail Armor
38:49 Iron Casting
38:40 Onager
42:18 Fortified Wall
42:18 Masonry
42:55 Siege Engineers
42:31 Elite Skirmisher
44:32 Padded Archer Armor
46:42 Ballistics
49:03 Caravan
49:50 Leather Archer Armor
50:50 Two-Man Saw
52:30 Ring Archer Armor
Laljia
10:33 Feudal Age
11:57 Double-Bit Axe
11:55 Horse Collar
14:35 Castle Age
21:15 Wheelbarrow
20:26 Loom
21:30 Fervor
22:32 Fervor
22:43 Gold Mining
23:48 Stone Mining
25:16 Gold Shaft Mining
25:19 Stone Shaft Mining
25:05 Bow Saw
25:26 Heavy Plow
26:59 Town Watch
27:31 Hand Cart
29:57 Imperial Age
27:32 Fletching
28:03 Ballistics
28:16 Coinage
28:01 Padded Archer Armor
28:56 Bodkin Arrow
29:17 Leather Archer Armor
30:00 Bloodlines
29:51 Husbandry
29:58 Thumb Ring
31:38 Chemistry
30:29 Capped Ram
31:29 Bracer
32:00 Parthian Tactics
32:10 Drill
32:42 Conscription
31:56 Siege Ram
33:25 Siege Engineers
34:19 Elite Mangudai
35:40 Murder Holes
35:55 Masonry
35:55 Fortified Wall
41:50 Hoardings
41:16 Nomads
43:01 Banking
42:35 Caravan
43:41 Onager
47:29 Heavy Scorpion
李雾月
0:26 Loom
10:16 Feudal Age
10:07 Double-Bit Axe
16:30 Fletching
17:21 Horse Collar
24:41 Castle Age
22:45 Stone Mining
23:14 Gold Mining
24:08 Forging
33:05 Bow Saw
34:12 Wheelbarrow
35:09 Hand Cart
38:56 Imperial Age
36:51 Heavy Plow
38:01 Iron Casting
37:36 Pikeman
38:16 Squires
38:41 Conscription
39:04 Gold Shaft Mining
38:36 Halberdier
43:07 Forced Levy
44:59 Guilds
47:10 Caravan
48:48 Town Watch
53:00 Crop Rotation
DeepLin
4:41 Loom
11:32 Feudal Age
15:23 Castle Age
13:12 Double-Bit Axe
13:25 Horse Collar
16:25 Bow Saw
16:17 Heavy Plow
17:25 Town Watch
23:34 Wheelbarrow
23:44 Gold Mining
26:22 Hand Cart
29:07 Imperial Age
26:57 Scale Mail Armor
27:07 Forging
27:33 Gold Shaft Mining
26:49 Stone Mining
27:04 Caravan
27:57 Squires
27:18 Pikeman
27:43 Gambesons
27:44 Arson
28:16 Chain Mail Armor
29:20 Onager
31:12 Two-Man Saw
30:22 Elite Varangian Guard
30:43 Capped Ram
32:39 Plate Mail Armor
33:18 Conscription
33:45 Clerical Recruitment
33:47 Shield Wall
34:24 Siege Ram
37:55 Elite Hearth Troop
39:13 Iron Casting
38:21 Treadmill Crane
38:25 Halberdier
44:19 Fortified Wall
44:20 Masonry
48:35 Guilds
海的盒子
10:23 Feudal Age
13:57 Castle Age
12:07 Double-Bit Axe
12:03 Horse Collar
15:01 Bow Saw
15:52 Loom
23:43 Gold Mining
25:02 Wheelbarrow
25:09 Stone Mining
29:12 Imperial Age
27:16 Hand Cart
27:22 Caravan
28:23 Gold Shaft Mining
28:49 Stone Shaft Mining
28:06 Fletching
29:02 Bodkin Arrow
29:56 Ballistics
30:58 Chemistry
31:00 Two-Man Saw
30:21 Conscription
29:45 Crossbowman
30:34 Thumb Ring
30:57 Bracer
30:36 Arbalester
31:17 Padded Archer Armor
32:16 Siege Engineers
32:52 Leather Archer Armor
33:02 Ballistics
33:09 Torsion Engines
35:32 Masonry
35:14 Town Watch
34:58 Halberdier
35:39 Squires
38:12 Guilds
38:56 Ring Archer Armor
38:27 Scale Mail Armor
38:37 Forging
40:02 Architecture
41:23 Royal Heirs
41:39 Chain Mail Armor
42:00 Iron Casting
52:04 Plate Mail Armor
52:35 Blast Furnace
739697286
11:24 Feudal Age
15:28 Castle Age
13:27 Horse Collar
13:35 Double-Bit Axe
15:35 Loom
15:48 Gold Mining
16:34 Heavy Plow
16:45 Bow Saw
17:16 Gold Shaft Mining
23:38 Wheelbarrow
29:49 Imperial Age
28:13 Hand Cart
28:02 Fletching
28:12 Padded Archer Armor
28:02 Fletching
28:12 Padded Archer Armor
28:02 Fletching
28:13 Padded Archer Armor
28:03 Fletching
28:13 Padded Archer Armor
28:03 Fletching
28:13 Padded Archer Armor
28:03 Fletching
28:13 Padded Archer Armor
28:03 Fletching
28:19 Scale Barding Armor
28:25 Forging
28:20 Scale Barding Armor
28:25 Forging
28:26 Caravan
28:27 Caravan
29:00 Forging
28:45 Bodkin Arrow
29:53 Coinage
30:06 Bodkin Arrow
30:26 Leather Archer Armor
30:06 Bodkin Arrow
30:26 Leather Archer Armor
30:06 Bodkin Arrow
30:26 Leather Archer Armor
30:07 Bodkin Arrow
30:27 Leather Archer Armor
30:37 Thumb Ring
31:32 Parthian Tactics
31:11 Bracer
31:15 Heavy Cavalry Archer
32:47 Squires
35:29 Banking
35:32 Banking
37:48 Pikeman
38:59 Bloodlines
38:49 Husbandry
38:11 Light Cavalry
39:18 Conscription
38:20 Elite Mangudai
38:30 Capped Ram
40:38 Iron Casting
40:08 Scale Barding Armor
39:39 Siege Ram
43:51 Crossbowman
51:06 Blast Furnace
50:53 Hussar
53:25 Chain Barding Armor
Connection lost

Rejoining the realm…

Still unreachable

The connection could not be restored.

Session expired

The server has moved on; the page needs a fresh start.